 Dungeon Crawl Stone Soup version 0.27.1-1-g398f81649c (webtiles) character file.

Game seed: 547633477120599551

2257 funkygono the Firebug (level 9, -6/47 HPs)
             Began as a Gargoyle Fire Elementalist on Sept 12, 2021.
             Was a Follower of Vehumet.
             Mangled by a killer bee (7 damage)
             ... on level 6 of the Dungeon.
             The game lasted 00:17:17 (8993 turns).

funkygono the Firebug (Gargoyle Fire Elementalist)  Turns: 8993, Time: 00:17:18

Health: -6/47      AC: 18    Str: 13    XL:     9   Next: 37%
Magic:  19/19      EV: 12    Int: 18    God:    Vehumet [*.....]
Gold:   1348       SH:  0    Dex: 10    Spells: 7/21 levels left

rFire    . . .     SeeInvis .   r - +0 flail (protect)
rCold    . . .     Faith    .   (no shield)
rNeg     + . .     Spirit   .   a - +0 robe
rPois    ∞         Reflect  .   (no helmet)
rElec    +         Harm     .   x - +0 cloak
rCorr    +         Rampage  .   j - +1 pair of gloves
Will     .....                  (no boots)
Stlth    ++........             (no amulet)
HPRegen  0.15/turn              w - +4 ring of slaying
MPRegen  0.16/turn              z - ring of resist corrosion

@: mighty, under a protective aura
A: sickness immunity, AC +6, negative energy resistance 1, electricity
resistance, torment resistance 1, petrification resistance
a: Renounce Religion


You were on level 6 of the Dungeon.
You worshipped Vehumet.
Vehumet was aware of your devotion.
You visited 2 branches of the dungeon, and saw 8 of its levels.

You collected 1348 gold pieces.

Inventory:

Hand Weapons
 b - a +0 mace
 f - a +0 whip
 k - a +2 mace of protection
 n - a +3 flail
 q - a +0 whip of electrocution
 r - a +0 flail of protection (weapon)
Missiles
 h - 206 stones
 p - 3 throwing nets
Armour
 a - a +0 robe (worn)
 j - a +1 pair of gloves (worn)
 x - a +0 cloak (worn)
Jewellery
 u - a ring of ice
 v - a ring of ice
 w - a +4 ring of slaying (left hand)
 z - a ring of resist corrosion (right hand)
Wands
 e - a wand of flame (26)
 A - a wand of iceblast (8)
Scrolls
 c - 3 scrolls of teleportation
 l - 3 scrolls of blinking
 B - a scroll of fog
Potions
 g - a potion of magic
 m - a potion of lignification {unknown}
 o - a potion of flight {unknown}
 s - a potion of berserk rage {unknown}
 t - a potion of invisibility {unknown}


   Skills:
 + Level 1.0 Fighting
 + Level 2.7 Maces & Flails
 + Level 2.4 Dodging
 - Level 2.1 Stealth
 * Level 6.9 Spellcasting
 * Level 6.5 Conjurations
 * Level 7.4 Fire Magic


You had 7 spell levels left.
You knew the following spells:

 Your Spells              Type           Power      Damage    Failure   Level
a - Foxfire               Conj/Fire      100%       2x1d9     1%          1
b - Conjure Flame         Conj/Fire      31%        6-21      1%          3
c - Sticky Flame          Conj/Fire      31%        2d5       6%          4
d - Fireball              Conj/Fire      15%        3d8       17%         5
e - Magic Dart            Conj           100%       1d8       1%          1

Your spell library contained the following spells:

 Spells                   Type           Power      Damage    Failure   Level
 Inner Flame              Hex/Fire       19%        N/A       7%          3
 Pain                     Necr           24%        1d5       11%         1
 Agony                    Necr           6%         N/A       97%         5
 Excruciating Wounds      Necr           3%         N/A       97%         5


Dungeon Overview and Level Annotations

Branches:
Dungeon (7/15)             Temple (1/1) D:4

Altars:
Ashenzari
Cheibriados
Dithmenos
Elyvilon
Fedhas
Gozag
Hepliaklqana
Kikubaaqudgha
Makhleb
Nemelex Xobeh
Okawaru
Qazlal
Ru
Sif Muna
Trog
Uskayaw
Vehumet
Wu Jian
Xom
Yredelemnul
Zin
The Shining One

Shops:
D:7 !


Innate Abilities, Weirdness & Mutations

You are immune to sickness and miasma.
Your stone body is resilient. (AC +6)
You are immune to poison.
You resist negative energy. (rN+)
You are resistant to electric shocks. (rElec)
You are resistant to unholy torment.
You are immune to petrification.


Message History

The killer bee is severely wounded.
The killer bee stings you but does no damage. x3
The killer bee closely misses you. The killer bee stings you.
You sock the killer bee!
Your weapon exudes an aura of protection.
You kill the killer bee!
Vehumet accepts your kill. The killer bee stings you.
The killer bee closely misses you. The killer bee stings you. x2
* * * LOW HITPOINT WARNING * * *
Your Fighting skill increases to level 1!
Casting: Foxfire (safe; 1% risk of failure)
Confirm with . or Enter, or press ? or * to list all spells.
Aiming: Sticky Flame (dangerous; 6% risk of failure)
Press: ? - help, Shift-Dir - straight line, f - killer bee
Aim: a killer bee (moderately wounded, 100% to hit)
The sticky flame hits the killer bee.
The killer bee is severely wounded.
The killer bee is covered in liquid flames!
The killer bee burns!
You kill the killer bee!
Vehumet accepts your kill. The killer bee completely misses you.
The killer bee stings you but does no damage. x2
Magic courses through your body. The killer bee stings you!
* * * LOW HITPOINT WARNING * * *
The killer bee barely misses you. The killer bee stings you.
* * * LOW HITPOINT WARNING * * *
The killer bee completely misses you.
Unknown command.
You miss the killer bee. The killer bee barely misses you. x2
The killer bee stings you but does no damage.
The killer bee barely misses you. The killer bee closely misses you.
The killer bee misses you.
You thump the killer bee!
Your weapon exudes an aura of protection.
The killer bee is almost dead.
The killer bee misses you. The killer bee barely misses you.
The killer bee stings you!
You die...

#################################
#..........##.yy@y..............#
#..............################.#
#..........###..##### #.#
############ ##.....###########.#
#...# #####.....[........
####...# ##......#######..
#......# ###..####..........
#......########...#############..
#...............................#


You could see 3 killer bees.

Vanquished Creatures
  A hornet (D:4)
  3 water moccasins
  An orc warrior (D:5)
  2 ogres
  2 phantoms (D:5)
  7 scorpions
  2 killer bees (D:6)
  A howler monkey (D:4)
  2 hounds (D:3)
  A bullfrog skeleton (D:4)
  3 gnoll shamans
  2 iguanas
  35 gnolls
  5 adders
  An ufetubus (D:6)
  An adder skeleton (D:5)
  6 worms
  2 dart slugs (D:1)
  35 orcs
  6 bats
  11 endoplasms
  3 giant cockroaches
  4 goblins
  7 hobgoblins
  13 jackals (D:3)
  2 quokkas (D:1)
  7 ball pythons
  A frilled lizard (D:1)
  A kobold (D:2)
  6 rats
173 creatures vanquished.

Vanquished Creatures (others)
  644 foxfires
  2 plants (D:3)
646 creatures vanquished.

Grand Total: 819 creatures vanquished

Notes
Turn   | Place    | Note
-------+----------+-------------------------------------------
     0 | D:1      | funkygono the Gargoyle Fire Elementalist began the quest
                  | for the Orb.
     0 | D:1      | Reached XP level 1. HP: 10/10 MP: 3/3
   244 | D:1      | Reached XP level 2. HP: 15/15 MP: 0/5
   915 | D:1      | Reached XP level 3. HP: 19/19 MP: 2/6
   919 | D:1      | Learned a level 3 spell: Conjure Flame
  1034 | D:1      | Identified a scroll of acquirement
  1034 | D:1      | Acquired 1117 gold pieces
  1239 | D:2      | Reached skill level 4 in Fire Magic
  1561 | D:2      | Reached XP level 4. HP: 24/24 MP: 4/7
  1734 | D:2      | Found a faded altar of an unknown god.
  2671 | D:2      | Learned a level 4 spell: Sticky Flame
  3094 | D:3      | Reached XP level 5. HP: 28/28 MP: 4/9
  4009 | D:3      | Reached XP level 6. HP: 32/32 MP: 5/11
  4422 | D:3      | Reached skill level 5 in Fire Magic
  4668 | D:3      | Reached XP level 7. HP: 24/36 MP: 6/13
  4728 | D:3      | Learned a level 5 spell: Fireball
  5717 | D:4      | Reached skill level 5 in Spellcasting
  5823 | D:4      | Found a staircase to the Ecumenical Temple.
  5848 | Temple   | Entered the Ecumenical Temple
  6009 | Temple   | Became a worshipper of Vehumet
  6266 | D:4      | Reached XP level 8. HP: 29/41 MP: 10/15
  6397 | D:4      | Reached skill level 6 in Fire Magic
  6471 | D:4      | Noticed a hornet
  6480 | D:4      | Killed a hornet
  6481 | D:4      | Reached skill level 1 in Maces & Flails
  6481 | D:4      | Reached skill level 5 in Conjurations
  6953 | D:5      | Entered Level 5 of the Dungeon
  7670 | D:5      | Reached XP level 9. HP: 35/46 MP: 13/18
  7764 | D:5      | Found an opulent altar of Gozag.
  8073 | D:5      | Reached skill level 7 in Fire Magic
  8204 | D:5      | Reached * piety under Vehumet
  8204 | D:5      | Offered knowledge of Magic Dart by Vehumet.
  8213 | D:5      | Learned a level 1 spell: Magic Dart
  8967 | D:7      | Found Lioxoose's Distillery.
  8990 | D:6      | Reached skill level 1 in Fighting
  8991 | D:6      | HP: 2/47 [killer bee (7)]
  8993 | D:6      | Mangled by a killer bee

Illustrated notes

Levels and vault maps discovered:
D:1:      saegor_arrival_simple_b, layout_rooms, serial_curves, eino_curves_03,
          eino_curves_03, eino_curves_03, eino_curves_04,
          hangedman_decor_peaks_small, minmay_small_reverse_x
D:2:      layout_basic, dreamdust_ecumenical_altar_angels_and_demons
D:3:      lemuel_castle_with_subvaults [lemuel_castle_interior_carwin_1],
          layout_loops_corners
D:4:      layout_basic, minmay_temple_entry_glassed_door
D:5:      layout_basic, mainiacjoe_overflow_concentric_impassable
D:6:      layout_rooms
D:7:      layout_rooms, serial_shops, nicolae_stop_n_shop_1,
          kennysheep_generic_room_5
Temple:   minmay_crystal_snake_temple

Skill      XL: |  1  2  3  4  5  6  7  8  9 |
---------------+----------------------------+-----
Fire Magic     | 4 5 6 7 |  7.4
Conjurations   | 2 3 4 5 6 |  6.5
Spellcasting   | 3 4 5 6 |  6.9
Maces & Flails | 2 |  2.7
Dodging        | 2 |  2.4
Fighting       | 1 |  1.0
Stealth        | |  2.1

Action                   |  1- 3 |  4- 6 |  7- 9 || total
-------------------------+-------+-------+-------++-------
Melee: Mace              |     1 |       |       ||     1
       Whip              |       |     5 |       ||     5
       Flail             |       |       |   106 ||   106
 Cast: Foxfire           |    50 |   178 |   146 ||   374
       Sticky Flame      |       |       |    15 ||    15
  Use: Scroll            |     6 |     1 |     5 ||    12
       Potion            |       |       |     3 ||     3
Armor: Robe              |     4 |     7 |    90 ||   101
Dodge: Dodged            |    11 |    26 |   139 ||   176
